 Dungeon Crawl Stone Soup version 0.17-a0-1571-g3ed2ab2 (webtiles) character file.

6836 Chiseanne the Destroyer (level 10, -11/63 HPs)
             Began as a Demonspawn Wanderer on July 24, 2015.
             Was an Elder of Vehumet.
             Killed from afar by a gargoyle (16 damage)
             ... with a stone arrow
             ... on level 10 of the Dungeon.
             The game lasted 01:03:50 (15077 turns).

Chiseanne the Destroyer (Demonspawn Wanderer)      Turns: 15077, Time: 01:03:51

Health: -11/63     AC: 19    Str: 20    XL:     10   Next: 77%
Magic:  11/24      EV: 10    Int: 15    God:    Vehumet [****..]
Gold:   397        SH:  0    Dex: 14    Spells: 8 memorised, 8 levels left

rFire  . . .     SeeInvis +     w - +0 blowgun
rCold  + . .     Clarity  .     E - +5 ring mail {rPois}
rNeg   . . .     SustAt   .     (no shield)
rPois  +         Gourm    .     A - +2 hat
rElec  .         Spirit   .     J - +2 cloak of the Thief {+Fog Slay-2 SInv Stlth+}
rCorr  .         Warding  .     (no gloves)
rMut   .         Stasis   .     v - +0 pair of boots
MR     .....                    V - amulet of faith
Stlth  ++........               (no ring)
                                H - +2 ring of strength

@: mighty, not resistant to hostile enchantments, unstealthy
A: talons 2, thin metallic scales 1, cold resistance 1, powered by pain 1
a: Renounce Religion, Evoke Fog


You were on level 10 of the Dungeon.
You worshipped Vehumet.
Vehumet was greatly pleased with you.
You were not hungry.

You visited 2 branches of the dungeon, and saw 11 of its levels.
You also visited: Sewer and Bailey.

You collected 613 gold pieces.
You spent 216 gold pieces at shops.

Inventory:

Hand weapons
 a - a +0 quarterstaff of protection
 s - a +2 spear of venom
 w - a +0 blowgun (weapon)
 M - the +6 spear of Xotug {freeze, +Inv MR+}
   (You bought it in a shop on level 7 of the Dungeon)

   It has been specially enchanted to freeze those struck by it, causing extra
   injury to most foes and up to half again as much damage against particularly
   susceptible opponents.
   It can also slow down cold-blooded creatures.
   It affects your resistance to hostile enchantments.
   It lets you turn invisible.
 N - a +2 halberd of electrocution
Missiles
 l - 4 needles of paralysis
 n - 66 bolts
 o - 142 arrows
 u - 5 curare-tipped needles
 y - 54 sling bullets
 D - 35 poisoned needles (quivered)
 I - 10 arrows of flame
 R - 4 bolts of penetration
 W - a throwing net
Armour
 t - a +2 cloak
 v - a +0 pair of boots (worn)
 A - a +2 hat (worn)
 E - a +5 ring mail of poison resistance (worn)
 G - a +0 buckler
 J - the +2 cloak of the Thief (worn) {+Fog Slay-2 SInv Stlth+}
   (You acquired it on level 9 of the Dungeon)

   It affects your accuracy and damage with ranged weapons and melee attacks
   (-2).
   It lets you see invisible.
   It can be evoked to emit clouds of fog.
   It makes you more stealthy.
Jewellery
 H - a +2 ring of strength (left hand)
 V - an amulet of faith (around neck)
 Y - a +4 ring of protection {unknown}
Magical devices
 d - a wand of teleportation (4)
 O - a wand of digging (11)
 Q - a wand of teleportation (1)
 S - a wand of teleportation (5)
 X - a wand of invisibility (5)
Scrolls
 c - a scroll of amnesia
 g - 2 scrolls of blinking
 C - a scroll of fear
 K - 3 scrolls of enchant armour
 U - a scroll of teleportation
Potions
 f - a potion of cure mutation {unknown}
 i - 4 potions of curing
 j - 5 potions of flight
 p - 2 potions of cancellation
 q - 2 potions of brilliance
 r - 9 potions of heal wounds
 x - a potion of invisibility {unknown}
 z - a potion of lignification {unknown}
 B - 5 potions of magic
 F - 6 potions of might
 P - 2 potions of poison {unknown}
Books
 b - Plog's Volume of Venom

   Spells                             Type                      Level
   a - Sting                          Conjuration/Poison           1
   b - Spider Form                    Transmutation/Poison         3
 h - a book of Minor Magic

   Spells                             Type                      Level
   a - Magic Dart                     Conjuration                  1
   b - Blink                          Translocation                2
   c - Call Imp                       Summoning                    2
   d - Repel Missiles                 Charms/Air                   2
   e - Slow                           Hexes                        2
   f - Conjure Flame                  Conjuration/Fire             3
   g - Mephitic Cloud                 Conjuration/Poison/Air       3
 L - a book of Alchemy

   Spells                             Type                      Level
   a - Sublimation of Blood           Necromancy                   2
   b - Ignite Poison                  Fire/Transmutation/Poison    3
   c - Alistair's Intoxication        Transmutation/Poison         4
   d - Condensation Shield            Ice                          4
   e - Petrify                        Transmutation/Earth          4
   f - Irradiate                      Conjuration/Transmutation    5
 Z - a book of Flames

   Spells                             Type                      Level
   a - Flame Tongue                   Conjuration/Fire             1
   b - Throw Flame                    Conjuration/Fire             2
   c - Conjure Flame                  Conjuration/Fire             3
   d - Inner Flame                    Hexes/Fire                   3
   e - Sticky Flame                   Conjuration/Fire             4
   f - Fireball                       Conjuration/Fire             5
Comestibles
 e - 8 bread rations
 m - 4 meat rations
 T - 7 beef jerkies


   Skills:
   Level 1.0 Crossbows
 - Level 5.0 Armour
 - Level 1.7 Stealth
 * Level 10.3 Spellcasting
 * Level 11.2 Conjurations
 - Level 1.0 Hexes


You had 8 spell levels left.
You knew the following spells:

 Your Spells              Type           Power        Failure   Level  Hunger
a - Magic Dart            Conj           ####         1%          1    None
b - Sting                 Conj/Pois      ###.         1%          1    None
c - Dazzling Spray        Conj/Hex       ####....     1%          3    None
d - Stone Arrow           Conj/Erth      ###...       1%          3    None
e - Conjure Flame         Conj/Fire      ###.....     1%          3    None
f - Mephitic Cloud        Conj/Pois/Air  ###.....     3%          3    None
g - Sticky Flame          Conj/Fire      ###.....     4%          4    ###....
h - Inner Flame           Hex/Fire       #.......     11%         3    None


Dungeon Overview and Level Annotations

Branches:
Dungeon (10/15)            Temple (1/1) D:4             Orc (0/4) D:9
   Lair: D:8-11

Altars:
Ashenzari
Cheibriados
Dithmenos
Elyvilon
Fedhas
Gozag
Kikubaaqudgha
Makhleb
Nemelex Xobeh
Okawaru
Qazlal
Ru
Sif Muna
Trog
Vehumet
Xom
Yredelemnul
Zin
The Shining One

Shops:
D:7 (

Annotations:
D:3 trantor's ghost, average HESk
D:9 exclusion: 2 oklob saplings


Innate Abilities, Weirdness & Mutations

You have razor-sharp toenails.
You are partially covered in thin metallic scales (AC +2).
Your flesh is cold resistant.
You sometimes gain a little power by taking damage.


Message History

Firing (i - inventory. (,) - cycle):
D - 36 poisoned needles (quivered)
Press: ? - help, Shift-Dir - straight line, f/p - cyan ugly thing
Aim: a cyan ugly thing (lightly wounded, poisoned, fleeing)
You shoot a poisoned needle.
The poisoned needle hits the cyan ugly thing!
The cyan ugly thing looks even sicker.
Your attack snaps the cyan ugly thing out of its fear.
The cyan ugly thing is lightly wounded.
All of the chunks of flesh in your inventory have rotted away.
You see here a club.
The gargoyle hurls a stone arrow at you.
The stone arrow hits you!
The gargoyle hurls a stone arrow at you.
The stone arrow hits you!
* * * LOW HITPOINT WARNING * * *
You focus on the pain.
You feel mightier all of a sudden.
The gargoyle hurls a stone arrow at you.
The stone arrow hits you!
You die...

#..(##......#
...#...##......#
#...
...#u..##......#
#..#
#..#...##......#
#..# #..#...#
#..# #..#.).#
#..# #..#.9.# #.
#..# #..#...#
#.# #..#
#..@...# #.#
#..# #.###..# .
#.# #..# #.#
#†.# ... #.#
#..###.# #..#
....
#.###......#
#..##.....
#..........#
#.........
#..##..###.#
#.....###.
#..##..# #.#
#.....# #.......
#..##..# #.#
#.....# #.......


You could see a cyan ugly thing and a gargoyle.

Vanquished Creatures
  Erica (D:10)
  Pikel (D:5)
  Joseph (D:7)
  3 yaks
  Sigmund (D:4)
  A water moccasin (D:9)
  7 orc warriors
  Duvessa (D:5)
  5 ice beasts
  A black bear (D:6)
  A slave (D:5)
  3 sky beasts
  2 centaurs (D:8)
  A necrophage (D:9)
  7 ogres
  4 giant frogs
  Dowan (D:5)
  A wyvern zombie (D:9)
  A gnoll sergeant (D:9)
  2 scorpions
  11 killer bees
  A quasit (D:10)
  4 wights (D:6)
  4 crimson imps
  2 jellies
  An orc priest (D:8)
  3 orc wizards
  Ijyb (D:3)
  4 hounds
  Jessica (D:3)
  3 worker ants (D:5)
  2 iguanas (D:9)
  A killer bee zombie (D:6)
  A hound zombie (D:9)
  A hound skeleton (D:4)
  A worker ant zombie (D:9)
  10 adders
  19 gnolls
  2 shadow imps
  An ooze (Sewer)
  An adder skeleton (D:5)
  5 worms
  10 giant geckos
  19 orcs
  8 giant cockroaches
  11 goblins
  28 hobgoblins
  19 jackals
  11 ball pythons
  16 bats
  A giant newt (D:3)
  A jackal skeleton (D:6)
  31 kobolds
  3 quokkas
  A quokka zombie (D:8)
  11 rats
  A plant (D:9)
295 creatures vanquished.

Vanquished Creatures (others)
  A bush (D:9)
  4 plants (D:9)
5 creatures vanquished.

Grand Total: 300 creatures vanquished

Notes
Turn   | Place    | Note
--------------------------------------------------------------
     0 | D:1      | Chiseanne the Demonspawn Wanderer began the quest for the Orb.
     0 | D:1      | Chiseanne set off with: a book of Minor Magic, Plog's Volume of Venom, a +0 robe, a +0 dagger, a bread ration
     0 | D:1      | Reached XP level 1. HP: 13/13 MP: 3/3
     0 | D:1      | Identified Plog's Volume of Venom
     2 | D:1      | Learned a level 1 spell: Magic Dart
     4 | D:1      | Learned a level 1 spell: Sting
   420 | D:1      | Gained mutation: You have sharp toenails. [demonic ancestry]
   420 | D:1      | Reached XP level 2. HP: 19/19 MP: 0/5
  1825 | D:2      | Found an iron altar of Okawaru.
  1834 | D:2      | Reached XP level 3. HP: 22/24 MP: 1/7
  1977 | D:2      | Reached skill level 3 in Conjurations
  2790 | D:3      | Noticed Ijyb
  2790 | D:3      | Noticed trantor's ghost (average HESk)
  2913 | D:3      | Killed Ijyb
  2913 | D:3      | Reached XP level 4. HP: 20/30 MP: 6/8
  3325 | D:3      | Noticed Jessica
  3339 | D:3      | Killed Jessica
  3667 | D:2      | Reached XP level 5. HP: 23/35 MP: 10/10
  4193 | D:4      | Reached skill level 4 in Conjurations
  4254 | D:4      | Found a glowing drain.
  4291 | Sewer    | Entered a sewer
  5088 | D:4      | Found a deep blue altar of Sif Muna.
  5117 | D:4      | Noticed Sigmund
  5142 | D:5      | Entered Level 5 of the Dungeon
  5346 | D:5      | Gained mutation: Your flesh is cold resistant. [demonic ancestry]
  5346 | D:5      | Reached XP level 6. HP: 31/41 MP: 12/12
  5504 | D:5      | Noticed an ice beast
  5528 | D:5      | Noticed Duvessa
  5530 | D:5      | Noticed Dowan
  5558 | D:5      | Noticed a slave
  5559 | D:5      | Killed Duvessa
  5574 | D:5      | Killed a slave
  5577 | D:5      | Noticed Pikel
  5577 | D:5      | Noticed a slave
  5577 | D:5      | Noticed a slave
  5578 | D:5      | Noticed a slave
  6088 | D:4      | Found a staircase to the Ecumenical Temple.
  6091 | D:4      | Noticed an ogre
  6109 | D:4      | Killed an ogre
  6109 | D:4      | Reached skill level 5 in Conjurations
  6130 | Temple   | Entered the Ecumenical Temple
  6180 | Temple   | Became a worshipper of Vehumet
  6206 | D:4      | Killed Sigmund
  6206 | D:4      | Reached skill level 5 in Spellcasting
  6206 | D:4      | Gained mutation: You have razor-sharp toenails. [demonic ancestry]
  6206 | D:4      | Reached XP level 7. HP: 40/46 MP: 12/14
  6287 | D:4      | Noticed an ogre
  6292 | D:4      | Killed an ogre
  6500 | D:5      | Killed Dowan
  6680 | D:5      | Noticed an ice beast
  6700 | D:5      | Killed an ice beast
  6700 | D:5      | Reached skill level 6 in Conjurations
  7040 | D:5      | Noticed Grinder
  7056 | D:5      | Noticed Grinder
  7056 | D:5      | Grinder changed into Grinder the crimson imp
  7076 | D:5      | Killed Grinder the crimson imp
  7206 | D:5      | Reached XP level 8. HP: 20/52 MP: 13/17
  7621 | D:5      | Killed an ice beast
  7772 | D:5      | Learned a level 3 spell: Conjure Flame
  8216 | D:5      | Killed Pikel
  8216 | D:5      | Reached skill level 7 in Spellcasting
  8304 | D:6      | Reached skill level 8 in Conjurations
  8921 | D:6      | Gained mutation: You sometimes gain a little power by taking damage. [demonic ancestry]
  8921 | D:6      | Reached XP level 9. HP: 57/57 MP: 16/20
  9034 | D:6      | Acquired Vehumet's first power
  9034 | D:6      | Offered knowledge of Freeze by Vehumet.
  9128 | D:6      | Learned a level 3 spell: Mephitic Cloud
  9615 | D:7      | Found Xeplaz's Antique Weapon Shoppe.
  9623 | D:7      | Bought a faintly glowing spear for 216 gold pieces
 10309 | D:7      | Noticed Joseph
 10340 | D:7      | Killed Joseph
 10340 | D:7      | Reached skill level 9 in Conjurations
 10844 | D:8      | Identified a scroll of acquirement
 11140 | D:8      | Found a flagged portal.
 11156 | Bailey   | Entered a bailey
 11439 | Bailey   | Offered knowledge of Sandblast by Vehumet.
 12150 | D:8      | Reached skill level 10 in Conjurations
 12593 | D:8      | Found a basalt altar of Yredelemnul.
 12594 | D:8      | Found a sparkling altar of Nemelex Xobeh.
 12791 | D:8      | Gained mutation: You are partially covered in thin metallic scales (AC +2). [demonic ancestry]
 12791 | D:8      | Reached XP level 10. HP: 55/63 MP: 23/23
 12900 | D:9      | Offered knowledge of Dazzling Spray by Vehumet.
 12905 | D:9      | Learned a level 3 spell: Dazzling Spray
 13451 | D:9      | Got an ancient bone ring
 13462 | D:9      | Acquired Vehumet's second power
 13670 | D:9      | Found a staircase to the Orcish Mines.
 13731 | D:9      | Identified the cursed ring of Xairoawe {rN+ MR+ Str-3 Int-3} (You found it on level 9 of the Dungeon)
 13732 | D:9      | Identified the +6 spear of Xotug {freeze, +Inv MR+} (You bought it in a shop on level 7 of the Dungeon)
 13757 | D:9      | Offered knowledge of Stone Arrow by Vehumet.
 13762 | D:9      | Learned a level 3 spell: Stone Arrow
 13767 | D:9      | Learned a level 4 spell: Sticky Flame
 13853 | D:9      | Reached skill level 10 in Spellcasting
 13883 | D:9      | Acquired Vehumet's third power
 14015 | D:9      | Offered knowledge of Bolt of Magma by Vehumet.
 14098 | D:9      | Learned a level 3 spell: Inner Flame
 14261 | D:9      | Found a blossoming altar of Fedhas.
 14682 | D:10     | Entered Level 10 of the Dungeon
 14687 | D:10     | Noticed Erica
 14857 | D:10     | Reached skill level 5 in Armour
 15040 | D:10     | Killed Erica
 15040 | D:10     | Reached skill level 11 in Conjurations
 15045 | D:10     | Noticed a cyan ugly thing
 15077 | D:10     | Killed from afar by a gargoyle

Vault maps used:
D:1:      saegor_arrival_simple_c
D:2:      grunt_decor_one_mirror, okawaru_ov_weapons_minmay
D:3:      first_bread, kennysheep_jessica_study, uniq_iyjb
D:4:      old_standard_altar, minmay_temple_entry_grid, portal_sewer_entry_f,
          uniq_sigmund
D:5:      uniq_pikel, uniq_grinder, uniq_duvessa
D:7:      serial_shops, shop, grunt_ogre_cave, uniq_joseph
D:8:      gammafunk_temple_overflow_statue, enter_bailey_2
D:9:      david_orc_4, introduction_to_nature_2
D:10:     uniq_erica
Temple:   nicolae_temple_x_marks_the_god_16
Sewer:    sewer_co_15_rooms
Bailey:   bailey_axe_2, bailey

Action                   |  1- 3 |  4- 6 |  7- 9 | 10-12 || total
-------------------------+-------+-------+-------+-------++-------
Melee: Short sword       |    30 |       |       |       ||    30
       Dagger            |    44 |    94 |       |       ||   138
       Spear             |       |    55 |    82 |    29 ||   166
       Hand axe          |       |       |    11 |       ||    11
       Quarterstaff      |       |       |    20 |    54 ||    74
       Halberd           |       |       |     1 |       ||     1
 Fire: Blowgun           |       |     8 |   101 |   105 ||   214
Throw: Throwing net      |       |       |     1 |       ||     1
 Cast: Sting             |    55 |    45 |    68 |    48 ||   216
       Magic Dart        |    53 |    34 |   223 |    81 ||   391
       Conjure Flame     |       |       |     4 |     7 ||    11
       Mephitic Cloud    |       |       |    37 |    40 ||    77
       Stone Arrow       |       |       |       |     8 ||     8
       Sticky Flame      |       |       |       |     2 ||     2
       Dazzling Spray    |       |       |       |     1 ||     1
Evoke: Wand              |       |       |     4 |       ||     4
  Use: Scroll            |    10 |     4 |    10 |     7 ||    31
       Potion            |       |     2 |     4 |     1 ||     7
 Stab: Sleeping          |       |     3 |       |     1 ||     4
       Distracted        |       |       |     1 |     1 ||     2
       Confused          |       |       |    17 |    17 ||    34
  Eat: Chunk             |     6 |    11 |    19 |     5 ||    41
       Beef jerky        |     1 |       |       |       ||     1
       Fruit             |       |       |     2 |       ||     2
       Pizza             |       |       |       |     2 ||     2
